Map: Deathaura LE

Players

Astrea

  • Race: Protoss Protoss
  • Spawn Location: 11:00

Serral - Winner!

  • Race: Zerg Zerg
  • Spawn Location: 5:00

Event: StayAtHomestory Cup #2

VOD

Have the link to the VOD?

Description

Time

  • Played on: June 11, 2020, 7:17 a.m.
  • Length: 10:23

All games in this series

Show
View Real Time Build Order
Export as new Build Order

Astrea Protoss 

Build Orders: 1 Gate Expand, Archon Immortal 

Get SALT Encoding   

  12  0:00  Probe  
  13  0:13  Probe  
  14  0:18  Pylon  
  14  0:25  Probe  
  15  0:33  Probe  
  15  0:39  Gateway  
  15  0:41  Probe  
  16  0:46  Assimilator  
  17  0:51  Probe  
  18  1:03  Probe  
  19  1:15  Probe  
  20  1:26  Cybernetics Core  
  20  1:32  Nexus  
  20  1:36  Probe  
  21  1:42  Pylon  
  21  1:48  Probe  
  21  1:50  Assimilator  
  21  1:52  Adept  
  22  2:00  Probe  
  25  2:12  Adept, Probe  
  25  2:15  Robotics Facility  
  28  2:24  Probe  
  29  2:34  Warp Gate  
  29  2:36  Probe  
  29  2:41  Probe  
  29  2:42  Stalker  
  31  2:48  Probe  
  31  2:49  Probe  
  33  2:57  Warp Prism  
  34  2:59  Probe  
  34  3:00  Probe  
  38  3:10  Pylon  
  38  3:17  Probe  
  38  3:19  Probe  
  38  3:22  Sentry  
  38  3:25  Immortal  
  40  3:29  Probe  
  40  3:31  Probe  
  42  3:40  Gateway  
  47  3:41  Probe  
  47  3:46  Probe  
  50  3:48  Sentry  
  50  3:53  Pylon  
  50  3:54  Probe  
  51  3:58  Probe  
  52  4:05  Pylon  
  52  4:06  Immortal  
  52  4:09  Probe  
  53  4:13  Probe  
  53  4:15  Assimilator  
  58  4:23  Adept  
  60  4:24  Probe  
  60  4:25  Probe  
  62  4:35  Immortal  
  62  4:37  Gateway  
  62  4:39  Gateway  
  62  4:43  Gateway  
  66  4:53  Pylon  
  66  5:00  Sentry x2  
  66  5:04  Gateway  
  66  5:06  Gateway  
  70  5:09  Assimilator  
  70  5:12  Observer  
  71  5:26  Sentry x2  
  75  5:29  Pylon  
  75  5:31  Pylon  
  75  5:34  Probe x2  
  75  5:35  Pylon  
  77  5:48  Pylon  
  77  5:49  Pylon  
  77  5:51  Stalker x5  
  87  6:15  Pylon  
  87  6:27  Zealot x2, Stalker x3  
  87  6:28  Zealot x2  
  101  6:36  Forge  
  101  6:40  Twilight Council  
  101  6:47  Probe x2  
  101  6:48  Zealot  
  101  6:53  Protoss Ground Weapons Level 1  
  105  6:54  Immortal  
  109  7:07  Probe x2  
  111  7:11  Charge  
  111  7:16  Nexus  
  111  7:20  Probe x2  
  113  7:23  Templar Archives  
  113  7:32  Probe, Pylon  
  114  7:39  Zealot x5  
  122  7:48  Probe  
  122  7:50  Probe  
  116  7:56  Stalker x2  
  103  8:00  Probe  
  103  8:02  Zealot x4  
  103  8:04  Probe  
  105  8:09  Probe  
  105  8:12  Probe  
  104  8:24  High Templar x4  
  104  8:26  Zealot  
  113  8:30  Archon x2  
  107  8:34  Probe  
  107  8:38  Probe  
  109  8:46  Probe  
  110  9:02  Zealot x6  
  112  9:03  Zealot  
  112  9:07  Warp Prism  
  118  9:15  Probe  
  95  9:17  Probe  
  95  9:18  Probe  
  95  9:23  Probe  
  73  9:25  Probe  
  73  9:26  High Templar x2  
  73  9:29  High Templar x2  
  73  9:31  Archon, Probe x2  
  76  9:33  Archon  
  76  9:34  Sentry, Probe  
  80  9:39  Zealot  
  80  9:42  Sentry, Probe  
  80  9:43  Probe x2  
  86  9:51  Probe, Shield Battery  
  87  9:54  Probe  
  87  9:55  Probe  
  87  9:58  Sentry  
  92  10:00  Sentry, Probe  
  92  10:01  Zealot x2  
  92  10:06  Probe  
  98  10:07  Probe  
  98  10:09  Zealot x2  
  87  10:16  Zealot  
Show
View Real Time Build Order
Export as new Build Order

Serral Zerg - Winner!

Build Orders: Hatch First 

Get SALT Encoding   

  12  0:02  Drone  
  13  0:12  Overlord  
  13  0:17  Drone  
  14  0:32  Drone x2  
  16  0:49  Hatchery  
  15  0:52  Drone  
  15  0:56  Drone  
  17  1:00  Drone  
  18  1:11  Extractor  
  17  1:14  Spawning Pool  
  17  1:18  Drone  
  17  1:21  Drone  
  18  1:29  Drone  
  19  1:39  Drone  
  20  1:49  Overlord  
  20  2:00  Queen  
  20  2:01  Queen, Zergling x2  
  24  2:02  Zergling x2  
  26  2:11  Drone x2  
  28  2:18  Metabolic Boost  
  28  2:23  Drone x2  
  30  2:36  Hatchery  
  29  2:38  Drone  
  30  2:46  Queen  
  30  2:51  Overlord  
  32  2:53  Zergling x2  
  32  2:54  Zergling x2  
  34  2:58  Zergling x2  
  34  3:01  Drone  
  36  3:15  Drone x2  
  36  3:17  Drone x2  
  36  3:18  Drone x2  
  40  3:22  Queen  
  40  3:24  Overlord  
  42  3:28  Overlord  
  42  3:35  Drone, Roach Warren  
  42  3:39  Drone  
  43  3:42  Drone  
  43  3:44  Drone x2  
  43  3:47  Extractor  
  45  3:49  Drone x3  
  45  3:55  Queen  
  50  3:59  Drone x2  
  52  4:04  Overlord  
  52  4:08  Overlord  
  52  4:12  Drone  
  52  4:15  Zergling x6  
  56  4:18  Overlord  
  57  4:31  Drone x2, Lair  
  57  4:32  Drone x2  
  57  4:35  Drone x2  
  57  4:36  Overlord  
  62  4:39  Spore Crawler  
  62  4:42  Drone  
  62  4:43  Drone x2  
  64  4:49  Drone  
  64  4:50  Drone  
  64  4:51  Overlord  
  66  4:52  Extractor  
  66  4:55  Overlord  
  66  4:59  Roach x3  
  73  5:00  Roach  
  73  5:05  Overlord  
  73  5:06  Roach x2  
  77  5:09  Roach x2  
  77  5:13  Overlord  
  81  5:21  Roach x2  
  85  5:23  Drone x3  
  85  5:24  Overlord  
  88  5:30  Overlord, Glial Reconstitution  
  87  5:42  Zergling x16  
  95  5:45  Ravager x3  
  98  5:50  Overlord  
  98  5:51  Roach x4  
  105  5:57  Zergling x6  
  105  5:58  Zergling x4  
  109  6:12  Extractor  
  109  6:13  Evolution Chamber  
  109  6:14  Ravager x2  
  109  6:18  Zergling x12  
  109  6:36  Roach x3  
  109  6:37  Ravager x2  
  109  6:38  Zergling x2  
  109  6:39  Zergling x8  
  128  6:42  Overlord  
  128  6:45  Zergling x4  
  130  6:49  Zerg Melee Weapons Level 1  
  128  7:04  Zergling x18  
  128  7:19  Roach x2, Zergling x2  
  128  7:20  Hatchery  
  132  7:29  Overlord  
  132  7:30  Drone x5  
  132  7:36  Drone x2  
  125  7:54  Roach x2  
  125  7:55  Roach x3, Zergling x6  
  124  8:05  Baneling Nest  
  120  8:07  Extractor  
  120  8:09  Drone x3  
  122  8:18  Roach x2, Zergling x20  
  136  8:20  Ravager  
  124  8:34  Roach x3, Zergling x2  
  124  8:35  Zergling x6  
  124  8:40  Roach x2  
  138  8:42  Ravager x3  
  138  8:43  Ravager  
  138  8:48  Baneling x13  
  142  8:51  Roach x2, Zergling x12  
  152  9:01  Zergling x14  
  154  9:14  Zergling x20  
  154  9:15  Queen x3  
  141  9:26  Zergling x10  
  141  9:28  Queen  
  141  9:30  Ravager  
  147  9:33  Drone x4  
  151  9:41  Baneling  
  151  9:42  Baneling x13  
  151  9:43  Drone x2  
  153  9:49  Drone x2  
  153  9:50  Drone x3  
  158  9:59  Baneling x6, Ravager  
  155  10:00  Baneling  
  155  10:03  Zergling x2  
Tags
 
Add a new tag
Caveats
  • Supply blocks, unpowered buildings, or Contaminate may cause inaccurate times.
  • Supply counts are checked every 10 seconds.